 Dungeon Crawl Stone Soup version 0.24-a0-504-gcfb02b9d07 (webtiles) character file.

Game seed: 17879931882322902796

7805 Gargoyl the Covered (level 11, -4/89 HPs)
             Began as a Centaur Abyssal Knight on July 17, 2019.
             Was a High Priest of Lugonu.
             Slain by a death yak (8 damage)
             ... on level 9 of the Dungeon.
             The game lasted 00:19:23 (12051 turns).

Gargoyl the Covered (Centaur Abyssal Knight)       Turns: 12051, Time: 00:19:24

Health: -4/89      AC: 16    Str: 16    XL:     11   Next: 1%
Magic:  16/16      EV:  5    Int: 11    God:    Lugonu [*****.]
Gold:   276        SH:  0    Dex: 15    Spells: 10/10 levels left

rFire    . . .     SeeInvis +   p - +1 war axe
rCold    . . .     Gourm    .   (no shield)
rNeg     + . .     Faith    .   F - +0 plate armour
rPois    .         Spirit   .   (no helmet)
rElec    .         Reflect  .   z - +0 cloak
rCorr    .         Harm     .   r - +2 pair of gloves
MR       .....     Clarity  +   (no barding)
Stlth    ..........             (no amulet)
HPRegen  0.24/turn              m - ring of see invisible
MPRegen  0.15/turn              f - ring of positive energy

@: lightly drained, very quick
A: large, hooves 3, thin skeletal structure 1, agile 1, clarity, deformed body,
speed 2, tough skin 3
a: Depart the Abyss, Bend Space, Banish, Corrupt, Enter the Abyss, Renounce
Religion


You were on level 9 of the Dungeon.
You worshipped Lugonu.
Lugonu was extremely pleased with you.
You were not hungry.

You visited 1 branch of the dungeon, and saw 10 of its levels.
You visited the Abyss 1 time.

You collected 542 gold pieces.
You spent 266 gold pieces at shops.

Inventory:

Hand Weapons
 a - a +1 hand axe
 p - a +1 war axe (weapon)
 w - the +2 arbalest "Goblinslayer" {freeze, rF++ Str+7}
   (You bought it in a shop on level 8 of the Dungeon)

   It causes projectiles fired from it to freeze those they strike, causing
   extra injury to most foes and up to half again as much damage against
   particularly susceptible opponents.
   They can also slow down cold-blooded creatures.
   It affects your strength (+7).
   It greatly protects you from fire.
Armour
 r - a +2 pair of gloves (worn)
 z - a +0 cloak (worn)
 F - a +0 plate armour (worn)
Jewellery
 f - a ring of positive energy (right hand)
 m - a ring of see invisible (left hand)
Wands
 d - a wand of digging (15)
 o - a wand of random effects (7)
 y - a wand of enslavement (8)
 A - a wand of paralysis (8)
 B - a wand of flame (40)
Scrolls
 g - 8 scrolls of remove curse
 i - 5 scrolls of teleportation
 n - a scroll of blinking {unknown}
 q - a scroll of fog
 s - a scroll of identify
Potions
 b - a potion of brilliance
 e - 3 potions of haste
 j - 4 potions of agility {unknown}
 k - 6 potions of might
 l - 3 potions of flight {unknown}
 t - 5 potions of curing
 x - a potion of cancellation {unknown}
 C - a potion of invisibility {unknown}
 D - a potion of resistance {unknown}
Comestibles
 c - 17 rations


   Skills:
 + Level 6.0(5.9) Fighting
 + Level 7.5 Axes
 + Level 4.4(4.3) Crossbows
 * Level 7.8(7.7) Armour
 * Level 4.9(4.8) Dodging
 * Level 7.1 Invocations


You had 10 spell levels left.
You didn't know any spells.
Your spell library contained the following spells:

 Spells                   Type           Power        Failure   Level  Hunger
 Confusing Touch          Hex            #.....       100%        1    ##.....
 Confuse                  Hex            #.......     100%        3    ####...
 Gell's Gravitas          Tloc           #.........   100%        3    ####...
 Petrify                  Tmut/Erth      #.......     100%        4    #####..
 Metabolic Englaciation   Hex/Ice        #.........   100%        5    ######.
 Yara's Violent Unravell  Hex/Tmut       #.........   100%        5    ######.


Dungeon Overview and Level Annotations

Branches:
Dungeon (10/15)            Temple (0/1) D:7            Lair (0/6) D:10
    Orc (0/2) D:9

Altars:
Makhleb

Shops:
D:8 %(


Innate Abilities, Weirdness & Mutations

You have hooves in place of feet.
Armour fits poorly on your strangely shaped body.
You cover ground very quickly.
You have extremely tough skin. (AC +3)
You have a somewhat thin skeletal structure. (Dex +2, Stealth)
You are agile. (Dex +2)
You possess an exceptional clarity of mind.


Message History

* * * LOW HITPOINT WARNING * * *
Unknown command.
You feel much better. The death yak gores you!
* * * LOW HITPOINT WARNING * * *
You feel much better. The death yak gores you!
* * * LOW HITPOINT WARNING * * *
You barely miss the death yak.
The death yak is almost dead.
The death yak barely misses you.
You hit the death yak.
The death yak is almost dead.
The death yak gores you!!
* * * LOW HITPOINT WARNING * * *
You hit the death yak but do no damage.
The death yak is almost dead.
The death yak gores you but does no damage.
You slash the death yak! You kick the death yak.
The death yak is almost dead.
The death yak gores you!
You die...

######## #......#
############......##### ###
#.....................###..
#..........................
#........(.................
#######........Y@................
.(.(............#####............
................#...#............
....#######.....#...#............
....#.....#.....'...#............
....#.....#.....#...#.....#'#####
...##..§.##(....'...#.#####.....#
...#....§'..)...#...#r#.........#
...#.....#...(..#...#y#.........+


You could see a death yak.

Vanquished Creatures
  2 death yaks (D:9)
  An unseen horror (D:9)
  Pikel (D:4)
  Maurice (D:9)
  Grinder (D:4)
  A hippogriff (D:8)
  A wyvern (D:8)
  2 hungry ghosts
  A warg (D:9)
  A water moccasin (D:5)
  A black bear (D:6)
  2 sky beasts
  6 orc warriors
  6 ogres
  A necrophage (D:9)
  3 centaurs
  A big kobold (D:8)
  2 bullfrogs
  A scorpion (D:9)
  2 jellies
  10 killer bees
  5 wights
  2 howler monkeys
  7 crimson imps
  7 orc priests
  A hound (D:8)
  A gnoll shaman (D:8)
  8 orc wizards
  A bullfrog skeleton (D:4)
  Jessica (D:3)
  Ijyb (D:4)
  An iguana (D:6)
  A hell rat (D:9)
  7 worker ants
  A killer bee zombie (D:6)
  A hound skeleton (D:7)
  2 hound zombies
  18 gnolls
  6 adders
  2 shadow imps
  An ooze (D:1)
  An adder zombie (D:5)
  4 worms
  2 dart slugs
  7 leopard geckos
  32 orcs
  8 bats
  5 giant cockroaches
  4 goblins
  5 hobgoblins
  6 jackals
  2 quokkas
  2 ball pythons
  4 frilled lizards
  A jackal skeleton (D:5)
  9 kobolds
  A leopard gecko skeleton (D:5)
  A leopard gecko zombie (D:7)
  2 quokka skeletons
  4 rats
221 creatures vanquished.

Vanquished Creatures (others)
  A troll (D:9)
1 creature vanquished.

Grand Total: 222 creatures vanquished

Notes
Turn   | Place    | Note
-------+----------+-------------------------------------------
     0 | Abyss:1  | Gargoyl the Centaur Abyssal Knight began the quest for the
                  | Orb.
     0 | Abyss:1  | Reached XP level 1. HP: 19/19 MP: 2/2
     3 | Abyss:1  | Gained mutation: You possess an exceptional clarity of
                  | mind. [potion of mutation]
     3 | Abyss:1  | Gained mutation: You are agile. (Dex +2) [potion of
                  | mutation]
     3 | Abyss:1  | Gained mutation: You have a somewhat thin skeletal
                  | structure. (Dex +2, Stealth) [potion of mutation]
    20 | Abyss:2  | Found a corrupted altar of Lugonu.
    43 | Abyss:2  | Noticed a large abomination
    61 | Abyss:2  | Noticed a thrashing horror
    62 | D:1      | Escaped the Abyss
   135 | D:1      | Reached XP level 2. HP: 24/26 MP: 3/3
   285 | D:1      | Reached * piety under Lugonu
   381 | D:1      | Reached skill level 1 in Dodging
   483 | D:1      | Reached XP level 3. HP: 20/31 MP: 4/4
  1413 | D:3      | Noticed Jessica
  1414 | D:3      | Reached ** piety under Lugonu
  1421 | D:3      | Killed Jessica
  1421 | D:3      | Reached XP level 4. HP: 26/38 MP: 5/5
  1498 | D:3      | Reached XP level 5. HP: 30/45 MP: 5/7
  2432 | D:3      | Reached XP level 6. HP: 39/52 MP: 8/8
  2677 | D:4      | Noticed Ijyb
  2700 | D:4      | Killed Ijyb
  2790 | D:4      | Noticed a slave
  2793 | D:4      | Noticed a slave
  2794 | D:4      | Noticed Pikel
  2796 | D:4      | Noticed a slave
  2801 | D:4      | Noticed a slave
  2817 | D:4      | Killed Pikel
  2817 | D:4      | Reached XP level 7. HP: 14/59 MP: 2/9
  3637 | D:5      | Entered Level 5 of the Dungeon
  3701 | D:5      | Reached XP level 8. HP: 31/66 MP: 7/11
  3956 | D:5      | Noticed Grinder
  3961 | D:5      | Paralysed by Grinder for 5 turns
  4002 | D:4      | Reached *** piety under Lugonu
  4020 | D:5      | Paralysed by Grinder for 5 turns
  4113 | D:4      | Paralysed by Grinder for 4 turns
  4129 | D:4      | Killed Grinder
  4199 | D:5      | Reached skill level 5 in Armour
  5038 | D:5      | Reached skill level 5 in Axes
  5687 | D:6      | Reached skill level 5 in Invocations
  5904 | D:5      | Reached XP level 9. HP: 15/73 MP: 2/12
  7000 | D:7      | Reached skill level 5 in Fighting
  7634 | D:7      | Reached **** piety under Lugonu
  7653 | D:7      | Found a burning altar of Makhleb.
  7820 | D:7      | Found a staircase to the Ecumenical Temple.
  8261 | D:8      | Found Raibbyps's Antique Weapon Shoppe.
  8265 | D:8      | Bought a bloodstained arbalest for 266 gold pieces
  8331 | D:6      | Identified the cursed +2 arbalest "Goblinslayer" {freeze,
                  | rF++ Str+7} (You bought it in a shop on level 8 of the
                  | Dungeon)
  8663 | D:8      | Reached skill level 1 in Crossbows
  8990 | D:8      | Found Gecs's Food Shoppe.
  9024 | D:8      | Reached XP level 10. HP: 75/81 MP: 14/14
  9744 | D:9      | Found a staircase to the Orcish Mines.
  9760 | D:9      | Noticed Maurice
 10108 | D:9      | Noticed an unseen horror
 10113 | D:9      | Killed an unseen horror
 10972 | D:9      | Killed Maurice
 11283 | D:10     | Entered Level 10 of the Dungeon
 11283 | D:10     | Found a staircase to the Lair.
 11283 | D:10     | Noticed a death yak
 11286 | D:10     | Noticed a death yak
 11360 | D:9      | Killed a death yak
 11471 | D:10     | Noticed a death yak
 11527 | D:9      | Killed a death yak
 11527 | D:9      | Reached XP level 11. HP: 19/89 MP: 16/16
 11891 | D:9      | Reached ***** piety under Lugonu
 11947 | D:9      | HP: 2/89 [death yak (21)]
 12045 | D:9      | HP: 1/89 [death yak (21)]
 12051 | D:9      | Slain by a death yak

Levels and vault maps discovered:
D:1:      minmay_arrival_cross, layout_rooms
D:2:      layout_rooms, grunt_ministairs_7, minmay_misc_feat_four_crosses,
          kennysheep_generic_room_4
D:3:      layout_rooms, uniq_jessica
D:4:      layout_loops_ring, uniq_pikel, uniq_ijyb
D:5:      layout_basic, first_ration, uniq_grinder
D:6:      layout_basic, minmay_diced_spiral
D:7:      layout_gridville, makhleb_grotto_becter,
          minmay_temple_entry_water_ring, st_stairs_11
D:8:      layout_loops_ring, serial_shops, shop_statue,
          nicolae_shop_temple_entry_statues_fountains
D:9:      minmay_general_purpose_star, layout_irregular_city,
          david_orc_1_choice, uniq_maurice
D:10:     layout_cave_pools, dpeg_lair_monsters

Skill      XL: |  1  2  3  4  5  6  7  8  9 10 |
---------------+-------------------------------+-----
Axes           | 2 3 4 5 6 7 |  7.5
Dodging        | 1 2 3 4 |  4.9
Armour         | 2 4 5 6 7 |  7.8
Invocations    | 3 4 5 6 7 |  7.1
Fighting       | 4 5 6 |  6.0
Crossbows      | 2 4 |  4.4

Action                   |  1- 3 |  4- 6 |  7- 9 | 10-12 || total
-------------------------+-------+-------+-------+-------++-------
Melee: Hand axe          |    90 |   129 |   167 |       ||   386
       Kick              |    12 |    33 |    89 |    34 ||   168
       War axe           |       |       |   154 |   137 ||   291
 Fire: Arbalest          |       |       |    65 |    99 ||   164
Invok: Depart the Abyss  |     1 |       |       |       ||     1
       Bend Space        |       |       |       |     2 ||     2
       Banish            |       |       |       |     1 ||     1
Evoke: Wand              |       |     1 |     1 |       ||     2
  Use: Potion            |     2 |       |     1 |     3 ||     6
       Scroll            |     4 |     4 |     5 |     2 ||    15
  Eat: Chunk             |       |     5 |    17 |     5 ||    27
       Ration            |       |       |       |     5 ||     5
Armor: Leather armour    |     9 |       |       |       ||     9
       Scale mail        |    53 |    61 |   164 |       ||   278
       Chain mail        |       |       |    58 |    57 ||   115
       Plate armour      |       |       |       |    92 ||    92
Dodge: Dodged            |    40 |    44 |   204 |    94 ||   382

Table legend:
 A = Non-vault XP
 B = Vault XP
 C = Vault XP percentage of total XP
 D = Non-vault monster count
 E = Vault monster count
 F = Vault count percentage of total count
                 A         B        C        D         E       F
            +---------+---------+-------+---------+---------+-------
      Total |    7076 |    4074 |  36.5 |     196 |      26 |  11.7
            +---------+---------+-------+---------+---------+-------
        D:1 |      43 |       0 |   0.0 |      20 |       0 |   0.0
        D:2 |      44 |       5 |  10.2 |      14 |       3 |  17.6
        D:3 |     258 |      37 |  12.5 |      24 |       1 |   4.0
        D:4 |     215 |     964 |  81.8 |      14 |       3 |  17.6
        D:5 |    1003 |       0 |   0.0 |      26 |       0 |   0.0
        D:6 |     699 |     145 |  17.2 |      18 |       3 |  14.3
        D:7 |     740 |      64 |   8.0 |      22 |       3 |  12.0
        D:8 |    1744 |       0 |   0.0 |      34 |       0 |   0.0
        D:9 |    2330 |    2859 |  55.1 |      24 |      13 |  35.1
            +---------+---------+-------+---------+---------+-------
